 Dungeon Crawl Stone Soup version 0.29.1-1-gd02db6906a (webtiles) character file.

Game seed: 14882109551685086915

16 croobank the Caller (level 2, -1/11 HPs)
             Began as a Felid Summoner on Sept 26, 2022.
             Slain by a hobgoblin (4 damage)
             ... on level 1 of the Dungeon.
             The game lasted 00:02:07 (645 turns).

croobank the Caller (Felid Summoner)                 Turns: 645, Time: 00:02:07

Health: -1/11      AC:  1    Str:  4    XL:     2   Next: 41%
Magic:  3/6        EV: 17    Int: 16    God:
Gold:   26         SH:  0    Dex: 16    Spells: 2/5 levels left
                                        Lives:  0   Deaths: 0

rFire   . . .      SeeInvis +   (weapon unavailable)
rCold   . . .      Faith    .   (shield unavailable)
rNeg    + . .      Spirit   .   (body armour unavailable)
rPois   .          Reflect  .   (helmet unavailable)
rElec   .          Harm     .   (cloak unavailable)
rCorr   .          Rampage  .   (gloves unavailable)
Will    .....                   (boots unavailable)
Stlth   ++........              (no amulet)
HPRegen 0.03/turn               b - ring of positive energy
MPRegen 0.10/turn               (no ring)

@: quick
A: very small, claws 1, fangs 3, see invisible, speed 1, shaggy fur 1, stealthy
paws, no weapons or thrown items, no armour, multi-lived
a: no special abilities


You were on level 1 of the Dungeon.
You visited 1 branch of the dungeon, and saw 1 of its levels.

You collected 26 gold pieces.

Inventory:

Jewellery
 b - a ring of positive energy (left paw)
Scrolls
 c - a scroll of poison {unknown}
 d - a scroll of identify {unknown}
Potions
 a - a potion of magic


   Skills:
 + Level 3.1 Dodging
 + Level 3.1 Stealth
 + Level 2.2 Spellcasting
 + Level 4.2 Summonings


You had 2 spell levels left.
You knew the following spells:

 Your Spells              Type           Power      Damage    Failure   Level
a - Summon Small Mammal   Summ           60%        N/A       3%          1
b - Call Imp              Summ           15%        N/A       5%          2

Your spell library contained the following spells:

 Spells                   Type           Power      Damage    Failure   Level
 Call Canine Familiar     Summ           15%        N/A       11%         3
 Summon Guardian Golem    Hex/Summ       8%         N/A       26%         3
 Summon Lightning Spire   Summ/Air       8%         N/A       65%         4


Dungeon Overview and Level Annotations

Branches:
Dungeon (1/15)

Altars:


Innate Abilities, Weirdness & Mutations

You have sharp claws.
You have razor-sharp teeth.
You have supernaturally acute eyesight. (SInv)
You cover ground quickly. (Speed+)
You are covered in fur. (AC +1)
Your paws help you pounce on unaware monsters.
You are incapable of wielding weapons or throwing items.
You cannot wear armour.
You gain extra lives every three experience levels.


Message History

The hobgoblin closely misses you.
You scratch the hobgoblin but do no damage.
The hobgoblin closely misses you.
You closely miss the hobgoblin. The hobgoblin completely misses you.
Your crimson imp blinks!
You scratch the hobgoblin but do no damage.
You bite the hobgoblin, but do no damage.
The hobgoblin misses you.
Casting: Summon Small Mammal (safe; 3% risk of failure)
Confirm with . or Enter, or press ? or * to list all spells.
The hobgoblin closely misses you.
A dart slug comes into view.
You scratch the hobgoblin but do no damage.
The hobgoblin closely misses you.
Your crimson imp blinks!
You barely miss the hobgoblin. The hobgoblin hits you.
Your crimson imp closely misses the hobgoblin.
You barely miss the hobgoblin. The hobgoblin barely misses you.
Your crimson imp closely misses the hobgoblin.
You closely miss the hobgoblin. The hobgoblin misses you.
You barely miss the hobgoblin. The hobgoblin barely misses you.
The dart slug launches a dart at you. The slug dart hits your quokka.
Your crimson imp hits the hobgoblin.
You barely miss the hobgoblin.
The hobgoblin is severely wounded.
The hobgoblin hits you.
* * * LOW HITPOINT WARNING * * *
The dart slug bites your quokka but does no damage.
Your crimson imp hits the hobgoblin.
Your quokka bites the dart slug.
You closely miss the hobgoblin.
The hobgoblin is almost dead.
The hobgoblin closely misses you.
Your quokka bites the dart slug.
Your crimson imp closely misses the hobgoblin.
The dart slug bites your quokka.
Casting: Summon Small Mammal (safe; 3% risk of failure)
Confirm with . or Enter, or press ? or * to list all spells.
A beastly little devil appears in a puff of flame.
Your crimson imp disappears in a puff of smoke!
The hobgoblin hits you.
You die...

#.# #.# #.#
#.#########
#.........#
#############.#
#.............#
#.###..########
#..wr.@#
#.###§g# ...5.
####.## #.# ..#
###


You could see a dart slug (ally target), a hobgoblin (ally target), a friendly
crimson imp (summoned) and a friendly quokka (summoned).

Vanquished Creatures
  A goblin (D:1)
1 creature vanquished.

Vanquished Creatures (collateral kills)
  A ball python (D:1)
  2 endoplasms (D:1)
  A goblin (D:1)
  4 hobgoblins (D:1)
  A quokka (D:1)
  2 bats (D:1)
  2 rats (D:1)
13 creatures vanquished.

Grand Total: 14 creatures vanquished

Notes
Turn   | Place    | Note
-------+----------+-------------------------------------------
     0 | D:1      | croobank the Felid Summoner began the quest for the Orb.
     0 | D:1      | Reached XP level 1. HP: 7/7 MP: 4/4
   265 | D:1      | Reached XP level 2. HP: 11/11 MP: 4/6
   268 | D:1      | Learned a level 2 spell: Call Imp
   525 | D:1      | Found a faded altar of an unknown god.
   645 | D:1      | Slain by a hobgoblin

Illustrated notes

Levels and vault maps discovered:
D:1:      lemuel_arrival_tunnels, layout_basic,
          hellmonk_ecumenical_altar_prayer_group

Skill      XL: |  1 |
---------------+----+-----
Stealth        | 3 |  3.1
Dodging        | 3 |  3.1
Spellcasting   | |  2.2
Summonings     | |  4.2

Action                   || total
-------------------------++-------
Melee: Unarmed           ||    13
       Bite              ||     1
 Cast: Summon Small Mamm ||    19
       Call Imp          ||     5
Armor: Skin              ||     1
Dodge: Dodged            ||    14
